 Dungeon Crawl Stone Soup version 0.22-a0-305-gd21a89c (webtiles) character file.

47 galech the Magician (level 3, -2/21 HPs)
             Began as an Octopode Wizard on Mar 30, 2018.
             Slain by a worker ant (8 damage)
             ... on level 2 of the Dungeon.
             The game lasted 00:03:40 (2168 turns).

galech the Magician (Octopode Wizard)               Turns: 2168, Time: 00:03:40

Health: -2/21      AC:  1    Str:  6    XL:     3   Next: 70%
Magic:  8/8        EV: 13    Int: 21    God:
Gold:   21         SH:  0    Dex: 10    Spells: 8/9 levels left

rFire    . . .     SeeInvis .     - Unarmed
rCold    . . .     Gourm    .   (no shield)
rNeg     . . .     Faith    .   a - +0 hat
rPois    .         Spirit   .   (no amulet)
rElec    .         Reflect  .   (no ring)
rCorr    .         Harm     .   (no ring)
MR       .....                  (no ring)
Stlth    +++.......             (no ring)
HPRegen  0.07/turn              (no ring)
MPRegen  0.11/turn              (no ring)
                                (no ring)
                                (no ring)

@: lethally poisoned (-2 -> -5)
A: almost no armour, stealthy swim, amphibious, 8 rings, constrict 8, camouflage
1, gelatinous body 1
a: no special abilities


You were on level 2 of the Dungeon.
You were not hungry.

You visited 1 branch of the dungeon, and saw 2 of its levels.

You collected 21 gold pieces.

Inventory:

Armour
 a - a +0 hat (worn)
Scrolls
 d - a scroll of enchant armour {unknown}
 e - a scroll of immolation {unknown}
 f - a scroll of teleportation {unknown}
 g - a scroll of blinking {unknown}
 j - a scroll of identify {unknown}
Potions
 b - a potion of curing {unknown}
 h - 2 potions of berserk rage {unknown}
 k - 2 potions of lignification {unknown}
 l - a potion of heal wounds {unknown}
Comestibles
 c - 5 rations
 i - 3 chunks of flesh


   Skills:
 + Level 0.2 Fighting
 + Level 2.2 Dodging
 + Level 3.1 Stealth
 + Level 1.1 Unarmed Combat
 + Level 3.8 Spellcasting
 + Level 1.0 Conjurations
   Level 1.0 Summonings
   Level 1.0 Translocations


You had 8 spell levels left.
You knew the following spells:

 Your Spells              Type           Power        Failure   Level  Hunger
a - Magic Dart            Conj           #...         9%          1    None


Dungeon Overview and Level Annotations

Branches:
Dungeon (2/15)

Altars:


Innate Abilities, Weirdness & Mutations

You cannot wear most types of armour.
You are very stealthy in the water. (Stealth+)
You are amphibious.
You can wear up to eight rings at the same time.
You can use your tentacles to constrict eight enemies at once.
Your skin changes colour to match your surroundings (Stealth+).
Your rubbery body absorbs attacks. (AC +1, EV +1)


Message History

The worker ant is moderately wounded.
You constrict the worker ant, but do no damage.
You feel sick. The worker ant completely misses you.
You are too injured to fight recklessly!
You are too injured to fight recklessly!
You are too injured to fight recklessly!
You are too injured to fight recklessly!
You are too injured to fight recklessly!
You are too injured to fight recklessly!
You are too injured to fight recklessly!
You are too injured to fight recklessly!
You release your grip on the worker ant.
You feel sick. The worker ant bites you.
You feel sick.
You feel sick. The worker ant barely misses you.
You feel sick. The worker ant bites you!
You die...

########### #.........#
#.........# #.........########
##................##########
####..........######..........#
.............<..@a..........#
###...........#########.....#
###.#.........# ##.......###
....##############..###.###
.....## #.#.####.# ......#
#.#.#....#
......##########.#.#.####
...)...............#)########
..........#........#.........


You could see a worker ant.

Vanquished Creatures
  An adder (D:2)
  2 worms (D:2)
  A dart slug (D:1)
  2 ball pythons (D:1)
  2 giant cockroaches (D:2)
  3 goblins
  3 hobgoblins
  5 jackals (D:1)
  4 bats
  4 frilled lizards (D:1)
  A kobold (D:1)
  4 rats
32 creatures vanquished.

Notes
Turn   | Place    | Note
-------+----------+-------------------------------------------
     0 | D:1      | galech the Octopode Wizard began the quest for the Orb.
     0 | D:1      | Reached XP level 1. HP: 11/11 MP: 4/4
   508 | D:1      | Reached XP level 2. HP: 14/17 MP: 6/6
  1765 | D:2      | Reached XP level 3. HP: 21/21 MP: 4/8
  2111 | D:2      | Reached skill level 1 in Unarmed Combat
  2168 | D:2      | Slain by a worker ant

Vault maps used:
D:1:      lightli_arrival_boilingwater
D:2:      uniq_natasha

Skill      XL: |  1  2  3 |
---------------+----------+-----
Stealth        | 3 |  3.1
Unarmed Combat | 1 |  1.1
Fighting       | |  0.2
Dodging        | |  2.2
Spellcasting   | |  3.8
Conjurations   | |  1.0
Summonings     | |  1.0
Translocations | |  1.0

Action                   || total
-------------------------++-------
Melee: Unarmed           ||   106
       Constrict         ||    27
       Tentacles         ||    19
 Cast: Magic Dart        ||    16
 Stab: Sleeping          ||     6
  Eat: Chunk             ||     4
Armor: Skin              ||    10
Dodge: Dodged            ||    84

Table legend:
 A = Spawn XP
 B = Non-spawn XP
 C = Spawn XP percentage of total XP
 D = Spawn monster count
 E = Non-spawn monster count
 F = Spawn count percentage of total count
 G = Total turns spent on level
                    A         B        C        D         E        F      G
               +---------+---------+-------+---------+---------+-------+---------
         Total |       0 |      68 |   0.0 |       0 |      32 |   0.0 |  2168
               +---------+---------+-------+---------+---------+-------+---------
           D:1 |       0 |      33 |   0.0 |       0 |      21 |   0.0 |  1911
           D:2 |       0 |      35 |   0.0 |       0 |      11 |   0.0 |   257
               +---------+---------+-------+---------+---------+-------+---------
